 Dungeon Crawl Stone Soup version 0.25-a0-98-g0cf78c2f83 (webtiles) character file.

Game seed: 4263455649017124089, levelgen mode: deterministic

10 Priest the Ruffian (level 2, -2/29 HPs)
             Began as a Troll Berserker on Nov 13, 2019.
             Was a Follower of Trog.
             Slain by a gnoll
             ... wielding a +0 whip
              (8 damage)
             ... on level 2 of the Dungeon.
             The game lasted 00:04:41 (221 turns).

Priest the Ruffian (Troll Berserker)                 Turns: 221, Time: 00:04:45

Health: -2/29      AC:  6    Str: 24    XL:     2   Next: 10%
Magic:  1/1        EV: 10    Int:  3    God:    Trog [*.....]
Gold:   20         SH:  0    Dex:  9    Spells: 1/1 levels left

rFire    . . .     SeeInvis .   g - -3 hand axe (curse)
rCold    . . .     Gourm    +   (no shield)
rNeg     . . .     Faith    .   a - +0 animal skin
rPois    .         Spirit   .   f - +0 hat
rElec    .         Reflect  .   (no cloak)
rCorr    .         Harm     .   (gloves unavailable)
MR       .....                  (boots unavailable)
Stlth    +.........             (no amulet)
HPRegen  0.49/turn              (no ring)
MPRegen  0.07/turn              (no ring)

@: no status effects
A: large, unfitting armour, claws 3, fast metabolism 3, gourmand, regeneration
1, shaggy fur 1, tough skin 3
a: Berserk, Renounce Religion


You were on level 2 of the Dungeon.
You worshipped Trog.
Trog was aware of your devotion.
You were not hungry.

You visited 1 branch of the dungeon, and saw 2 of its levels.

You collected 20 gold pieces.

Inventory:

Hand Weapons
 d - a +0 dagger
 g - a cursed -3 hand axe (weapon)
Armour
 a - a +0 animal skin (worn)
 e - a cursed -2 robe
 f - a +0 hat (worn)
Scrolls
 c - a scroll of amnesia {unknown}
Comestibles
 b - 5 rations


   Skills:
 + Level 2.5 Fighting
 + Level 2.6 Dodging
 + Level 3.2 Unarmed Combat


You had one spell level left.
You didn't know any spells.
Your spell library was empty.

Dungeon Overview and Level Annotations

Branches:
Dungeon (2/15)

Altars:


Innate Abilities, Weirdness & Mutations

You are too large for most types of armour.
You have claws for hands.
Your metabolism is lightning-fast.
You like to eat raw meat.
Your natural rate of healing is unusually fast.
You are covered in fur. (AC +1)
You have extremely tough skin. (AC +3)


Message History

The gnoll shouts!
The gnoll hits you with a +0 halberd!
The hobgoblin shouts!
You hit the gnoll but do no damage. The bat hits you but does no damage.
A frilled lizard comes into view.
The gnoll hits you with a +0 halberd!
You hit the gnoll.
The gnoll is moderately wounded.
You miss the bat. The bat barely misses you. The gnoll barely misses you.
You hit the gnoll.
The gnoll is severely wounded.
The bat closely misses you. The gnoll hits you with a +0 halberd!
* * * LOW HITPOINT WARNING * * *
You closely miss the gnoll.
The gnoll is severely wounded.
You hit the bat.
You kill the bat!
Trog accepts your kill.
You barely miss the gnoll. The gnoll hits you with a +0 whip!
You die...

####..........†........
#...................
#...................
###............###....
#..............# ....
#..........##..... ...
#....########..... .
#........####.....
#...†@gg..... ....
#.....g...... ...
+......gg....
#......#.....
#.....)...l...
#.............
#.............
#......#....#.


You could see 3 gnolls, a hobgoblin, a goblin and a frilled lizard.

Vanquished Creatures
  A leopard gecko (D:2)
  A goblin (D:1)
  3 jackals (D:1)
  2 bats
  A kobold (D:2)
  A rat (D:2)
9 creatures vanquished.

Notes
Turn   | Place    | Note
-------+----------+-------------------------------------------
     0 | D:1      | Priest the Troll Berserker began the quest for the Orb.
     0 | D:1      | Reached XP level 1. HP: 22/22 MP: 0/0
   174 | D:2      | Reached XP level 2. HP: 29/29 MP: 1/1
   221 | D:2      | Slain by a gnoll

Levels and vault maps discovered:
D:1:      scummos_arrival_forest, layout_loops_ring, minmay_misc_feat_doors,
          tso_altar
D:2:      kennysheep_big_flooded_room, layout_basic, first_ration,
          fedhas_altar_fruit_tree

Action                   || total
-------------------------++-------
Melee: Unarmed           ||    17
       Hand axe          ||     4
Armor: Animal skin       ||     9
Dodge: Dodged            ||    14

Table legend:
 A = Non-vault XP
 B = Vault XP
 C = Vault XP percentage of total XP
 D = Non-vault monster count
 E = Vault monster count
 F = Vault count percentage of total count
                 A         B        C        D         E       F
            +---------+---------+-------+---------+---------+-------
      Total |      15 |       0 |   0.0 |       9 |       0 |   0.0
            +---------+---------+-------+---------+---------+-------
        D:1 |       9 |       0 |   0.0 |       5 |       0 |   0.0
        D:2 |       6 |       0 |   0.0 |       4 |       0 |   0.0
            +---------+---------+-------+---------+---------+-------
